 Dungeon Crawl Stone Soup version 0.19-a0-1731-g1e0734d (webtiles) character file.

570 MackTheKnife the Covert (level 7, -1/33 HPs)
             Began as a Spriggan Assassin on Sept 30, 2016.
             Was an Initiate of Dithmenos.
             Slain by an ice beast (8 damage)
             ... on level 5 of the Dungeon.
             The game lasted 00:05:18 (3147 turns).

MackTheKnife the Covert (Spriggan Assassin)         Turns: 3147, Time: 00:05:19

Health: -1/33      AC:  3    Str:  7    XL:     7   Next: 11%
Magic:  8/8        EV: 17    Int: 13    God:    Dithmenos [......]
Gold:   230        SH:  3    Dex: 19    Spells: 0 memorised, 6 levels left

rFire  . . .     SeeInvis +     v - +1 dagger (elec)
rCold  . . .     Gourm    .     c - +0 robe
rNeg   . . .     Faith    .     (shield restricted)
rPois  .         Spirit   .     (helmet restricted)
rElec  .         Dismiss  .     d - +0 cloak
rCorr  .         Reflect  +     (gloves unavailable)
MR     +....     Harm     .     (boots unavailable)
Stlth  ++++++....               x - +3 amulet of reflection
                                (no ring)
                                (no ring)

@: very quick
A: unfitting armour, see invisible, herbivore 3, speed 3, slow metabolism 2
a: Renounce Religion


You were on level 5 of the Dungeon.
You worshipped Dithmenos.
Dithmenos was noncommittal.
You were not hungry.

You visited 1 branch of the dungeon, and saw 5 of its levels.

You collected 230 gold pieces.

Inventory:

Hand Weapons
 b - a +0 blowgun
 v - a +1 dagger of electrocution (weapon)
   (You took it off an orc on level 3 of the Dungeon)
Missiles
 e - 18 poisoned needles
 f - 2 curare-tipped needles
Armour
 c - a +0 robe (worn)
 d - a +0 cloak (worn)
Jewellery
 h - an uncursed amulet of rage {+Rage, !d}
   (You found it on level 1 of the Dungeon)
 k - an uncursed amulet of magic regeneration
   (You found it on level 1 of the Dungeon)
 t - an uncursed amulet of dismissal {unknown}
   (You found it on level 4 of the Dungeon)
 w - an uncursed amulet of the gourmand {Gourm, !d}
   (You found it on level 4 of the Dungeon)
 x - a +3 amulet of reflection (around neck)
   (You found it on level 5 of the Dungeon)
Wands
 l - a wand of confusion (16/48)
   (You found it on level 2 of the Dungeon)
Scrolls
 p - 4 scrolls of remove curse
 q - 2 scrolls of identify
 r - a scroll of enchant armour {unknown}
 s - a scroll of teleportation {unknown}
 u - a scroll of random uselessness {unknown}
Potions
 i - a potion of invisibility
 j - a potion of mutation {unknown}
 m - 3 potions of heal wounds
 n - 2 potions of degeneration {unknown}
Comestibles
 a - a fruit
 g - 3 bread rations {@e1}
 o - 2 slices of pizza


   Skills:
 - Level 1.5 Fighting
 - Level 2.1 Short Blades
 - Level 2.0 Throwing
 - Level 1.5 Dodging
 + Level 12.7 Stealth


You had 6 spell levels left.
You didn't know any spells.

Dungeon Overview and Level Annotations

Branches:
Dungeon (5/15)             Temple (0/1) D:5

Altars:
Dithmenos
Nemelex Xobeh
Ru
Vehumet

Annotations:
D:4 Duvessa


Innate Abilities, Weirdness & Mutations

You are very small and have problems with some larger weapons.
You are too small for most types of armour.
You have supernaturally acute eyesight. (SInv)
You are a herbivore.
You cover ground extremely quickly.
You need consume almost no food.


Message History

There is a sudden explosion of sparks!
You destroy the bullfrog skeleton!
Dithmenos accepts your kill.
You hit the withered plant but do no damage.
Found a radiant altar of Vehumet.
You enter a teleport trap!
The teleport trap disappears.
Your surroundings suddenly seem different.
Unknown command.
No target in view!
The killer bee zombie barely misses you.
You hit the killer bee zombie.
There is a sudden explosion of sparks!
The killer bee zombie hits you. The killer bee zombie misses you.
You take 5 damage, and have 25/30 hp.
You barely miss the killer bee zombie. The killer bee zombie misses you.
The killer bee zombie hits you.
You take 3 damage, and have 22/30 hp.
You hit the killer bee zombie. The killer bee zombie hits you.
You take 3 damage, and have 19/30 hp.
You hit the killer bee zombie.
There is a sudden explosion of sparks!
You destroy the killer bee zombie!
Dithmenos accepts your kill.
You have reached level 7!
You regained 2 hp, and now have 21/33 hp.
MP restored: 8 You start resting.
Health restored: 33 An adder comes into view.
An adder zombie comes into view.
The helpless adder fails to defend itself.
You skewer the adder like a kebab!!!
You kill the adder!
Dithmenos accepts your kill. The adder zombie completely misses you.
You hit the adder zombie. You block the adder zombie's attack.
You hit the adder zombie.
There is a sudden explosion of sparks!
You destroy the adder zombie!
Dithmenos accepts your kill.
No target in view!
No target in view!
Unknown command.
Unknown command.
You now have 230 gold pieces (gained 12).
There is a radiant altar of Vehumet here.
Found a stone staircase leading down.
You see here 21 stones.
An iguana comes into view.
An iguana is nearby!
An iguana is nearby!
The iguana hisses angrily.
You hit the iguana.
There is a sudden explosion of sparks!
The iguana barely misses you.
You hit the iguana but do no damage. The iguana closely misses you.
You hit the iguana.
You kill the iguana!
Dithmenos accepts your kill.
A ball python zombie comes into view.
A ball python zombie is nearby!
A ball python zombie is nearby!
A ball python zombie is nearby!
A leopard gecko zombie comes into view.
Found an escape hatch in the ceiling.
An ice beast comes into view.
The ball python zombie misses you.
The ball python zombie barely misses you.
You hit the ball python zombie.
There is a sudden explosion of sparks!
You destroy the ball python zombie!
Dithmenos accepts your kill.
You hit the leopard gecko zombie. The leopard gecko zombie misses you.
You hit the leopard gecko zombie.
The leopard gecko zombie completely misses you.
You barely miss the leopard gecko zombie.
The leopard gecko zombie closely misses you.
You closely miss the leopard gecko zombie.
You barely miss the leopard gecko zombie.
The leopard gecko zombie closely misses you.
You hit the leopard gecko zombie but do no damage.
The leopard gecko zombie completely misses you.
You hit the leopard gecko zombie but do no damage.
There is a sudden explosion of sparks!
You destroy the leopard gecko zombie!
Dithmenos accepts your kill.
You hit the ice beast but do no damage.
There is a sudden explosion of sparks!
The ice beast hits you. The ice beast freezes you.
You take 7 damage, and have 26/33 hp.
MASSIVE DAMAGE!!
You hit the ice beast but do no damage. The ice beast barely misses you.
You barely miss the ice beast. The ice beast hits you.
The ice beast freezes you.
You take 11 damage, and have 15/33 hp.
MASSIVE DAMAGE!!
You barely miss the ice beast. The ice beast hits you.
The ice beast freezes you.
* * * LOW HITPOINT WARNING * * *
You take 7 damage, and have 8/33 hp.
MASSIVE DAMAGE!!
You barely miss the ice beast. The ice beast hits you.
* * * LOW HITPOINT WARNING * * *
The ice beast freezes you!
You die...

#......... #........
#######........ .............<
#....##......# ## #....##......#
#. #....##8....Y# #.
#....##.P..@.# #.
######..†.######..##############.
.....#....# #..#..............
.....#....# #..#.###..........
.....#....#######.#...#.########.
.....'....+......................
.....#.<..#.#####...#####.###..#.
.....##'###.# #.............P..
.....##.# #.#####....####.#..P.P.


You could see an ice beast.

Vanquished Creatures
  A sky beast (D:5)
  An ogre (D:4)
  A centaur (D:5)
  Dowan (D:4)
  A howler monkey (D:4)
  A bullfrog skeleton (D:5)
  An orc priest (D:4)
  An iguana (D:5)
  A killer bee zombie (D:5)
  5 adders
  An ooze (D:2)
  An adder zombie (D:5)
  A dart slug (D:1)
  A worm (D:4)
  3 leopard geckos
  7 orcs
  7 bats
  3 hobgoblins
  8 kobolds
  A quokka (D:2)
  A ball python (D:1)
  A ball python zombie (D:5)
  5 frilled lizards
  5 goblins
  A leopard gecko zombie (D:5)
  A quokka skeleton (D:5)
  10 rats
71 creatures vanquished.

Notes
Turn   | Place    | Note
-------+----------+-------------------------------------------
     0 | D:1      | MackTheKnife the Spriggan Assassin began the quest for the Orb.
     0 | D:1      | Reached XP level 1. HP: 10/10 MP: 2/2
    11 | D:1      | Reached skill level 6 in Stealth
   130 | D:1      | Reached XP level 2. HP: 8/14 MP: 3/3
   584 | D:1      | Reached skill level 7 in Stealth
   949 | D:2      | Found a sparkling altar of Nemelex Xobeh.
  1194 | D:2      | Reached XP level 3. HP: 18/18 MP: 4/4
  1392 | D:2      | Reached skill level 8 in Stealth
  1502 | D:2      | Found a sacrificial altar of Ru.
  1858 | D:3      | Reached XP level 4. HP: 19/22 MP: 5/5
  2020 | D:3      | Found a shadowy altar of Dithmenos.
  2030 | D:3      | Became a worshipper of Dithmenos the Shadowed
  2178 | D:4      | Noticed Duvessa
  2178 | D:4      | Noticed Dowan
  2179 | D:4      | Reached skill level 9 in Stealth
  2182 | D:4      | Killed Dowan
  2182 | D:4      | Reached XP level 5. HP: 25/25 MP: 6/6
  2212 | D:4      | Noticed an ogre
  2279 | D:3      | Reached skill level 10 in Stealth
  2598 | D:4      | Noticed an ogre
  2627 | D:4      | Killed an ogre
  2627 | D:4      | Reached skill level 11 in Stealth
  2627 | D:4      | Reached XP level 6. HP: 30/30 MP: 7/7
  2759 | D:5      | Entered Level 5 of the Dungeon
  2759 | D:5      | Noticed a sky beast
  2764 | D:5      | Killed a sky beast
  2817 | D:5      | Found a staircase to the Ecumenical Temple.
  2822 | D:5      | Reached skill level 12 in Stealth
  2874 | D:5      | Found a radiant altar of Vehumet.
  2886 | D:5      | Reached XP level 7. HP: 21/33 MP: 8/8
  3146 | D:5      | HP: 8/33 [ice beast (5)]
  3147 | D:5      | Slain by an ice beast

Vault maps used:
D:1:      lightli_arrival_boilingwater
D:2:      kb_forest_paths, lemuel_round_altar, hangedman_ru_absence
D:3:      nicolae_dithmenos_shadow_blocks, gammafunk_temple_overflow_pools,
          first_bread
D:4:      okawaru_metal_pillars_1_2, gup_sewer_entry_spiral, serial_glass,
          glass_columns_a, glass_columns_a, uniq_duvessa
D:5:      overflow_temple_1_default, serial_undead, serial_undead_b,
          serial_undead_b, serial_undead_b, serial_undead_c, uniq_eustachio,
          uniq_edmund

Skill      XL: |  1  2  3  4  5  6 |
---------------+-------------------+-----
Stealth        | 6 7 8 9 11 12 | 12.7
Fighting       | |  1.5
Short Blades   | |  2.1
Throwing       | |  2.0
Dodging        | |  1.5

Action                   |  1- 3 |  4- 6 |  7- 9 || total
-------------------------+-------+-------+-------++-------
Melee: Dagger            |   110 |    88 |    19 ||   217
 Fire: Blowgun           |       |    12 |       ||    12
  Use: Scroll            |     4 |     2 |       ||     6
 Stab: Sleeping          |    16 |     7 |     1 ||    24
       Distracted        |       |     1 |       ||     1
Armor: Robe              |     6 |     8 |       ||    14
Dodge: Dodged            |    60 |    62 |    11 ||   133
Block: Other             |       |       |     1 ||     1

Vault maps used:
D:1:      lightli_arrival_boilingwater
D:2:      kb_forest_paths, lemuel_round_altar, hangedman_ru_absence
D:3:      nicolae_dithmenos_shadow_blocks, gammafunk_temple_overflow_pools,
          first_bread
D:4:      okawaru_metal_pillars_1_2, gup_sewer_entry_spiral, serial_glass,
          glass_columns_a, glass_columns_a, uniq_duvessa
D:5:      overflow_temple_1_default, serial_undead, serial_undead_b,
          serial_undead_b, serial_undead_b, serial_undead_c, uniq_eustachio,
          uniq_edmund

Table legend:
 A = Turns spent in this place as a percentage of turns spent in the entire game.
 B = Non-inter-level travel turns spent in this place as a percentage of non-inter-level travel turns spent in the entire game.
 C = Inter-level travel turns spent in this place as a percentage of turns spent in this place.
 D = Turns resting spent in this place as a percentage of non-inter-level travel turns spent in this place.
 E = Turns spent auto-exploring this place as a percentage of non-inter-level travel turns spent in this place.
 F = Non-inter-level travel turns spent in this place divided by the number of levels of this place that you've seen.
                   A       B       C       D       E      F
               +-------+-------+-------+-------+-------+----------------------
         Total | 100.0 | 100.0 |   0.2 |   1.3 |   6.6 | 221.8
       Dungeon | 100.0 | 100.0 |   0.2 |   1.3 |   6.6 | 221.8
               +-------+-------+-------+-------+-------+----------------------

Table legend:
 A = Kills in this place as a percentage of kills in entire the game.
 B = Kills by you in this place as a percentage of kills by you in the entire game.
 C = Kills by friends in this place as a percentage of kills by friends in the entire game.
 D = Other kills in this place as a percentage of other kills in the entire game.
 E = Experience gained in this place as a percentage of experience gained in the entire game.
 F = Experience gained in this place divided by the number of levels of this place that you have seen.
                   A       B       C       D       E      F
               +-------+-------+-------+-------+-------+----------------------
         Total | 100.0 | 100.0 |  -nan |  -nan | 100.0 | 163.0
       Dungeon | 100.0 | 100.0 |  -nan |  -nan | 100.0 | 163.0
               +-------+-------+-------+-------+-------+----------------------
